 Dungeon Crawl Stone Soup version 0.29.1-1-gd02db6906a (webtiles) character file.

Game seed: 2217129412615047464

2111 KamiKatze the Thaumaturge (level 9, -1/46 HPs)
             Began as a Deep Elf Conjurer on Oct 14, 2022.
             Slain by a gnoll
             ... wielding a +0 hand axe
              (3 damage)
             ... in a bailey on Oct 15, 2022.
             The game lasted 00:31:17 (7032 turns).

KamiKatze the Thaumaturge (Deep Elf Conjurer)       Turns: 7032, Time: 00:31:18

Health: -1/46      AC:  4    Str:  9    XL:     9   Next: 7%
Magic:  17/23      EV: 17    Int: 28    God:
Gold:   593        SH:  0    Dex: 19    Spells: 9/24 levels left

rFire   + . .      SeeInvis .   v - staff of poison
rCold   . . .      Faith    .   (no shield)
rNeg    . . .      Spirit   .   r - +0 robe
rPois   +          Reflect  .   (no helmet)
rElec   .          Harm     .   s - +1 cloak
rCorr   +          Rampage  .   (no gloves)
Will    +....                   (no boots)
Stlth   +++.......              (no amulet)
HPRegen 0.15/turn               f - ring "Lirphe" {rF+ Will+ rCorr EV+4 Str+5}
MPRegen 0.18/turn               u - +6 ring of dexterity

@: no status effects
A: no striking features
a: no special abilities


You were in a bailey.
You visited 1 branch of the dungeon, and saw 7 of its levels.
You also visited: Ossuary and Bailey.

You collected 593 gold pieces.

Inventory:

Hand Weapons
 a - a +4 short sword of speed
Missiles
 h - 12 poisoned darts (quivered)
 m - 2 atropa-tipped darts
Armour
 r - a +0 robe (worn)
 s - a +1 cloak (worn)
Magical Staves
 v - a staff of poison (weapon)
Jewellery
 f - the ring "Lirphe" (left hand) {rF+ Will+ rCorr EV+4 Str+5}
   (You found it on level 2 of the Dungeon)

   [ring of evasion]

   EV:        It affects your evasion (+4).
   Str:       It affects your strength (+5).
   rF:        It protects you from fire.
   rCorr:     It protects you from acid and corrosion.
   Will:      It increases your willpower.
 u - a +6 ring of dexterity (right hand)
 y - a +6 ring of dexterity
Wands
 c - a wand of flame (14)
 x - a wand of iceblast (7)
 D - a wand of mindburst (9)
Scrolls
 g - 3 scrolls of butterflies
 i - 5 scrolls of teleportation
 w - a scroll of blinking
 C - a scroll of poison
Potions
 b - a potion of magic
 d - 2 potions of brilliance
 e - 3 potions of attraction {unknown}
 j - 4 potions of might
 k - a potion of lignification {unknown}
 l - 3 potions of mutation {unknown}
 n - 2 potions of haste {unknown}
 o - 2 potions of degeneration {unknown}
 p - 2 potions of invisibility {unknown}
 q - 7 potions of curing
 t - a potion of berserk rage {unknown}
 z - 2 potions of cancellation
 A - a potion of resistance {unknown}


   Skills:
 + Level 0.3 Fighting
 + Level 3.1 Dodging
 + Level 3.3 Stealth
 * Level 8.1 Spellcasting
 * Level 7.5 Conjurations
 + Level 7.1 Hexes
 + Level 5.9 Translocations
 * Level 0.3 Air Magic
 - Level 3.0 Evocations


You had 9 spell levels left.
You knew the following spells:

 Your Spells              Type           Power      Damage    Failure   Level
a - Magic Dart            Conj           100%       1d8       1%          1
b - Searing Ray           Conj           100%       2d8       1%          2
c - Fulminant Prism       Conj/Hex       25%        3d14      2%          4
d - Iskenderun's Mystic   Conj/Tloc      49%        2d11      3%          4
e - Airstrike             Air            6%         2d(1-17)  41%         4

Your spell library contained the following spells:

 Spells                   Type           Power      Damage    Failure   Level
 Shock                    Conj/Air       100%       1d9       1%          1
 Slow                     Hex            100%       N/A       1%          1
 Confusing Touch          Hex            51%        N/A       1%          3
 Dazzling Flash           Conj/Hex       100%       N/A       1%          3
 Portal Projectile        Hex/Tloc       96%        N/A       1%          3
 Tukima's Dance           Hex            51%        N/A       1%          3
 Stone Arrow              Conj/Erth      64%        3d11      3%          3
 Sandblast                Erth           22%        2d7       4%          1
 Passage of Golubria      Tloc           44%        N/A       4%          4
 Poisonous Vapours        Pois/Air       36%        N/A       7%          2
 Passwall                 Tmut/Erth      9%         N/A       8%          2
 Leda's Liquefaction      Hex/Erth       15%        N/A       11%         4
 Swiftness                Air            13%        N/A       13%         3
 Call Canine Familiar     Summ           11%        N/A       14%         3
 Vampiric Draining        Necr           11%        2d6       14%         3
 Silence                  Hex/Air        16%        N/A       28%         5
 Yara's Violent Unravell  Hex/Tmut       15%        3d8       30%         5
 Corpse Rot               Necr/Pois/Air  17%        N/A       43%         4
 Agony                    Necr           11%        N/A       80%         5
 Chain Lightning          Conj/Air       16%        3d22      100%        9
 Fire Storm               Conj/Fire      16%        8d4       100%        9
 Shatter                  Erth           5%         3d8*      100%        9


Dungeon Overview and Level Annotations

Branches:
Dungeon (7/15)            Ossuary (visited)          Bailey (1/1)
 Temple: D:4-7

Altars:
Elyvilon
Trog

Annotations:
D:7 Maggie


Message History

A gnoll and a goblin come into view.
The hobgoblin shouts!
The gnoll shouts!
The goblin shouts!
An electric eel comes into view.
You hear a shout! x2
The electric eel shoots out a bolt of lightning at you!
The bolt of electricity misses you.
An electric eel comes into view.
The electric eel shoots out a bolt of lightning at you!
The bolt of electricity hits you!
Casting: Magic Dart (safe; 1% risk of failure)
Confirm with . or Enter, or press ? or * to list all spells.
Aiming: Fulminant Prism (dangerous; 2% risk of failure)
Press: ? - help, Dir - move target You conjure a prism of explosive energy!
A fulminant prism comes into view.
The electric eel shoots out a bolt of lightning at you!
The bolt of electricity hits the electric eel.
The electric eel completely resists.
The bolt of electricity hits you! The hobgoblin attacks as you move away!
The hobgoblin barely misses you.
The electric eel shoots out a bolt of lightning at you!
The bolt of electricity misses you.
Your fulminant prism crackles loudly.
The hobgoblin attacks as you move away! The hobgoblin closely misses you.
The electric eel shoots out a bolt of lightning at you!
The bolt of electricity hits you.
* * * LOW HITPOINT WARNING * * *
The electric eel shoots out a bolt of lightning at you!
The bolt of electricity misses you.
Your fulminant prism explodes!
The blast of energy engulfs the electric eel!!
You kill the electric eel!
You hear a shout!
The hobgoblin attacks as you move away! The hobgoblin completely misses you.
The gnoll attacks as you move away! The gnoll hits you with a +0 hand axe!
* * * LOW HITPOINT WARNING * * *
The electric eel shoots out a bolt of lightning at you!
The bolt of electricity hits you!
* * * LOW HITPOINT WARNING * * *
The gnoll attacks as you move away! The gnoll hits you with a +0 hand axe.
You die...

#≈≈≈≈≈# #≈≈≈≈≈#
#≈≈≈≈≈# #≈≈≈≈≈#
#≈≈≈≈≈### #≈≈≈≈≈~.#
######.≈≈≈≈~.#
#.g....≈≈≈≈~.#++##
###@g.g..≈≈≈≈~.#....
#.......g......'....
#∩..∩..........'..⌠.
#..............'....
###......≈≈≈≈~.#....
#......≈≈≈≈~.# #
######.S≈≈≈~.#
#≈≈≈≈≈~.# #≈≈≈≈≈###


You could see an electric eel, a gnoll, a hobgoblin and 2 goblins.

Vanquished Creatures
  Pikel (D:5)
  Grinder (D:5)
  Prince Ribbit (D:7)
  Edmund (D:4)
  3 ogres
  2 lemures (D:5)
  A centaur (D:6)
  A scorpion (D:4)
  2 electric eels (Bailey)
  An orc priest (D:5)
  5 hounds
  5 iguanas
  Natasha (thrice) (D:3)
  9 mummies
  8 adders
  A shadow imp (D:6)
  3 white imps
  An ufetubus (D:5)
  4 worms
  3 dart slugs
  18 orcs
  3 bats
  9 endoplasms
  2 giant cockroaches
  10 goblins
  2 hobgoblins (D:1)
  12 kobolds
  2 quokkas
  7 ball pythons
  2 frilled lizards (D:3)
  3 hobgoblin zombies (Ossuary)
  3 kobold zombies (Ossuary)
  2 orc zombies (Ossuary)
  3 rats
134 creatures vanquished.

Vanquished Creatures (others)
  27 fulminant prisms
27 creatures vanquished.

Grand Total: 161 creatures vanquished

Notes
Turn   | Place    | Note
-------+----------+-------------------------------------------
     0 | D:1      | KamiKatze the Deep Elf Conjurer began the quest for the
                  | Orb.
     0 | D:1      | Reached XP level 1. HP: 10/10 MP: 6/6
    25 | D:1      | Found a faded altar of an unknown god.
   860 | D:2      | Reached XP level 2. HP: 15/15 MP: 6/8
   865 | D:2      | Learned a level 2 spell: Searing Ray
   882 | D:2      | Identified the ring "Lirphe" {rF+ Will+ rCorr EV+4 Str+5}
  1275 | D:2      | Reached skill level 1 in Translocations
  1311 | D:2      | Reached XP level 3. HP: 11/19 MP: 7/10
  1435 | D:2      | Reached skill level 1 in Hexes
  2092 | D:3      | Reached XP level 4. HP: 24/24 MP: 8/11
  2097 | D:3      | Learned a level 4 spell: Fulminant Prism
  2168 | D:3      | Noticed Natasha
  2174 | D:3      | Killed Natasha
  2175 | D:3      | Reached skill level 4 in Spellcasting
  2180 | D:3      | Learned a level 4 spell: Iskenderun's Mystic Blast
  2474 | D:3      | Noticed Natasha
  2480 | D:3      | Killed Natasha
  2481 | D:3      | Reached skill level 5 in Conjurations
  2548 | D:3      | Noticed Natasha
  2552 | D:3      | Killed Natasha
  2553 | D:3      | Reached XP level 5. HP: 21/28 MP: 6/13
  2728 | D:4      | Noticed Edmund
  3033 | D:4      | Noticed an ogre
  3153 | D:4      | Killed an ogre
  3154 | D:4      | Reached skill level 1 in Evocations
  3154 | D:4      | Reached XP level 6. HP: 32/32 MP: 9/15
  3309 | D:4      | Reached skill level 5 in Spellcasting
  3758 | D:5      | Entered Level 5 of the Dungeon
  3979 | D:5      | Reached XP level 7. HP: 16/36 MP: 11/17
  4125 | D:5      | Found a sand-covered staircase.
  4150 | Ossuary  | Entered an ossuary
  4841 | D:5      | Reached skill level 6 in Spellcasting
  4925 | D:5      | Noticed Pikel
  4991 | D:5      | Reached skill level 5 in Hexes
  5232 | D:5      | Noticed Grinder
  5235 | D:5      | Paralysed by Grinder for 4 turns
  5247 | D:5      | Killed Grinder
  5248 | D:5      | Reached XP level 8. HP: 41/41 MP: 3/19
  5454 | D:5      | Found a bloodstained altar of Trog.
  5709 | D:5      | Killed Pikel
  5710 | D:5      | Reached skill level 7 in Spellcasting
  5710 | D:5      | Reached skill level 5 in Translocations
  5803 | D:4      | Killed Edmund
  6794 | D:7      | Found a white marble altar of Elyvilon.
  6808 | D:7      | Noticed Prince Ribbit
  6821 | D:7      | Killed Prince Ribbit
  6822 | D:7      | Reached skill level 8 in Spellcasting
  6822 | D:7      | Reached XP level 9. HP: 45/45 MP: 7/23
  6892 | D:7      | Noticed Maggie
  6974 | D:7      | Found a flagged portal.
  6982 | Bailey   | Entered a bailey
  6988 | Bailey   | Learned a level 4 spell: Airstrike
  7031 | Bailey   | HP: 2/46 [electric eel/bolt of electricity (8)]
  7032 | Bailey   | Slain by a gnoll

Illustrated notes

Levels and vault maps discovered:
D:1:      dpeg_arrival_stone_temple_mockup, layout_loops_corners,
          ebering_ecumenical_altar_webs
D:2:      layout_basic
D:3:      layout_loops_cross, uniq_natasha
D:4:      layout_loops_ring, uniq_edmund
D:5:      layout_rooms, gup_ossuary_entry_pyramid, kennysheep_small_circle,
          uniq_pikel, uniq_grinder
D:6:      layout_basic
D:7:      layout_rooms, gammafunk_temple_overflow_pools,
          overflow_temple_1_default, minmay_temple_entry_glass, enter_bailey_3,
          grunt_ministairs_15, minmay_joined_circles, uniq_menkaure,
          uniq_maggie, uniq_prince_ribbit1
Bailey:   bailey_axe_of_yendor_kennysheep, bailey

Skill      XL: |  1  2  3  4  5  6  7  8 |
---------------+-------------------------+-----
Translocations | 1 2 3 4 5 |  5.9
Hexes          | 1 2 3 4 5 7 |  7.1
Spellcasting   | 4 5 6 8 |  8.1
Stealth        | 3 |  3.3
Dodging        | 3 |  3.1
Conjurations   | 5 6 7 |  7.5
Evocations     | 1 2 3 |  3.0
Fighting       | |  0.3
Air Magic      | |  0.3

Action                   |  1- 3 |  4- 6 |  7- 9 || total
-------------------------+-------+-------+-------++-------
Melee: Spear             |    12 |       |       ||    12
       Staff             |     4 |     1 |       ||     5
Throw: Dart              |       |     3 |       ||     3
 Cast: Magic Dart        |    56 |    43 |    65 ||   164
       Searing Ray       |     6 |    19 |    18 ||    43
       Fulminant Prism   |       |       |    27 ||    27
       Iskenderun's Myst |       |       |     5 ||     5
  Use: Scroll            |       |     2 |    13 ||    15
 Stab: Sleeping          |     2 |     1 |       ||     3
Armor: Robe              |     1 |     1 |       ||     2
Dodge: Dodged            |    12 |    17 |    14 ||    43
